 Dungeon Crawl Stone Soup version 0.31-a0-210-gccc998df9b (webtiles) character file.

Game seed: 8833301365140105935

67 qw the Shooter (level 4, -8/26 HPs)
             Began as a Gargoyle Hexslinger on June 29, 2023.
             Mangled by a gnoll
             ... wielding a +0 halberd
             ... led by a gnoll bouda
              (12 damage)
             ... on level 3 of the Dungeon.
             The game lasted 00:00:35 (1403 turns).

qw the Shooter (Gargoyle Hexslinger)                Turns: 1403, Time: 00:00:35

Health: -8/26      AC:  9    Str: 11    XL:     4   Next: 18%
Magic:  5/5        EV: 10    Int: 14    God:
Gold:   52         SH:  0    Dex: 14    Spells: 4/5 levels left

rFire   . . .        Y - +3 sling (freeze)
rCold   . . .        (no shield)
rNeg    + . .        b - +0 ring mail
rPois   inf          (no helmet)
rElec   +            (no cloak)
rCorr   .            f - +0 pair of gloves
SInv    .            (no boots)
Will    .....        (no amulet)
Stlth   +            (no ring)
HPRegen 0.24/turn    (no ring)
MPRegen 0.09/turn

%: no passive effects
@: about to teleport, weakened
A: sickness immunity, AC +3, negative energy resistance 1, electricity
resistance, torment resistance 1, petrification resistance
a: no special abilities


You were on level 3 of the Dungeon.
You visited 1 branch of the dungeon, and saw 3 of its levels.

You collected 52 gold pieces.


Innate Abilities, Weirdness & Mutations

You are immune to sickness and miasma.
Your stone body is resilient. (AC +3)
You are immune to poison.
You resist negative energy. (rN+)
You are resistant to electric shocks. (rElec)
You are resistant to unholy torment.
You are immune to petrification.


   Skills:
 - Level 2.0 Fighting
 + Level 3.8 Ranged Weapons
 - Level 1.0 Armour
 - Level 1.5 Dodging
 - Level 1.0 Spellcasting
 - Level 2.6 Hexes


You had 4 spell levels left.
You knew the following spells:

 Your Spells              Type           Power      Damage    Failure   Level
a - Slow                  Hex            32%        N/A       21%         1

Your spell library contained the following spells:

 Spells                   Type           Power      Damage    Failure   Level
 Inner Flame              Hex/Fire       4%         N/A       71%         3
 Portal Projectile        Hex/Tloc       8%         N/A       71%         3
 Cause Fear               Hex            4%         N/A       90%         4

Inventory:

Hand Weapons
 Y - a +3 sling of freezing (weapon)
Armour
 b - a +0 ring mail (worn)
 f - a +0 pair of gloves (worn)
Scrolls
 g - a scroll of identify
Potions
 e - a potion of mutation
 h - a potion of invisibility {unknown}
 i - a potion of degeneration {unknown}
 j - a potion of magic {unknown}
 k - a potion of ambrosia {unknown}
 l - a potion of heal wounds {unknown}

Dungeon Overview and Level Annotations

Branches:
Dungeon (3/15)

Altars:


Message History

You feel as though you will be weak longer.
The gnoll bouda barely misses you. The bat closely misses you.
You shoot a sling bullet.
The sling bullet hits the gnoll bouda but does no damage.
The gnoll bouda is severely wounded.
The bat hits you but does no damage. x2; The gnoll barely misses you.
The gnoll bouda closely misses you.
A hobgoblin comes into view.
The gnoll hits you but does no damage.
The gnoll bouda barks out a call to the hunt!
You hear a shout!
You shoot a sling bullet.
The sling bullet barely misses the gnoll bouda.
The sling bullet hits the hobgoblin.
The sling bullet freezes the hobgoblin.
You kill the hobgoblin!
The bat closely misses you.
The gnoll hits you from afar with a +0 halberd.
The gnoll bouda misses you.
You shoot a sling bullet. The sling bullet hits the gnoll bouda.
The sling bullet freezes the gnoll bouda.
The gnoll bouda is severely wounded.
The bat misses you.
The gnoll hits you from afar with a +0 halberd.
The gnoll bouda prays to its god.
The gnoll bouda is healed somewhat.
The gnoll closely misses you.
1402 ||| READING scroll of teleportation.
As you read the scroll of teleportation, it crumbles to dust.
You feel strangely unstable. The bat closely misses you.
The gnoll bouda hits you but does no damage.
The gnoll misses you.
You shoot a sling bullet. The sling bullet hits the gnoll bouda.
The sling bullet freezes the gnoll bouda.
The gnoll bouda is severely wounded.
The gnoll is no longer moving quickly.
The bat barely misses you.
The gnoll bouda gazes fiercely through you!
You feel as though you will be weak longer.
The gnoll bouda closely misses you. The bat hits you but does no damage.
The gnoll hits you from afar with a +0 halberd!
You die...

.. ... #####
##.# ......
....#### ......
.....##......
...[..?....
##.........
#####b@g)......
#.....##g###...
#<##### .# #.#
.g #.#


#gg ..# #.g .## ..# .. #.# ## You could see a gnoll bouda, a gnoll and a bat.

Vanquished Creatures
  A gnoll (D:3)
  An adder (D:2)
  A worm (D:2)
  4 bats
  An endoplasm (D:2)
  4 giant cockroaches
  5 goblins
  7 hobgoblins
  2 jackals (D:1)
  9 kobolds
  2 ball pythons
  2 frilled lizards (D:2)
  2 rats (D:1)
41 creatures vanquished.

Notes
Turn   | Place    | Note
-------+----------+-------------------------------------------
     0 | D:1      | qw the Gargoyle Hexslinger began the quest for the Orb.
     0 | D:1      | Reached XP level 1. HP: 12/12 MP: 2/2
     0 | D:1      | 0 ||| qw: Version: 0.3-a-24-g62f9e04
     0 | D:1      | 0 ||| qw: Game counter: 6684
     0 | D:1      | 0 ||| qw: Melee chars always use a shield: true
     0 | D:1      | 0 ||| qw: God list: Okawaru
     0 | D:1      | 0 ||| qw: Allow faded altars: false
     0 | D:1      | 0 ||| qw: Do Orc after clearing Dungeon:15 true
     0 | D:1      | 0 ||| qw: Do second Lair branch before Depths: true
     0 | D:1      | 0 ||| qw: Lair rune preference: random
     0 | D:1      | 0 ||| qw: Goals: Normal
     0 | D:1      | 0 ||| PLANNING D:1-11
   245 | D:1      | Reached XP level 2. HP: 16/16 MP: 3/3
   362 | D:1      | Reached skill level 3 in Ranged Weapons
   611 | D:1      | Reached XP level 3. HP: 21/21 MP: 4/4
   886 | D:1      | 886 ||| UPGRADING to +0 pair of gloves.
   891 | D:1      | 891 ||| READING scroll labelled XEINUM YPIACUH.
   895 | D:1      | 895 ||| READING 3 scrolls labelled DIUMPU HYMEY.
   896 | D:1      | 896 ||| READING 2 scrolls of identify.
   896 | D:1      | 896 ||| IDENTIFYING fuming puce potion
   897 | D:1      | 897 ||| DROPPING scroll of poison.
  1039 | D:2      | You fall into a shaft and drop 1 floor!
  1040 | D:3      | 1040 ||| UPGRADING to +0 ring mail.
  1050 | D:3      | 1050 ||| DROPPING +0 robe.
  1051 | D:3      | 1051 ||| READING scroll labelled EDEAG JODUFI.
  1324 | D:2      | 1324 ||| READING 2 scrolls labelled DOTEW SAZOJ.
  1325 | D:2      | 1325 ||| READING scroll of enchant weapon.
  1325 | D:2      | 1325 ||| ENCHANTING +2 sling.
  1326 | D:2      | 1326 ||| READING 2 scrolls labelled XELYBA JUDUOMY.
  1327 | D:2      | 1327 ||| READING scroll of brand weapon.
  1327 | D:2      | 1327 ||| BRANDING +3 sling of draining.
  1349 | D:3      | Reached skill level 1 in Armour
  1363 | D:3      | Reached XP level 4. HP: 20/26 MP: 5/5
  1389 | D:3      | 1389 ||| Stepping ~*~*~tactically~*~*~ (outnumbered).
  1401 | D:3      | HP: 3/26 [gnoll/+0 halberd[a gnoll bouda] (4)]
  1402 | D:3      | 1402 ||| READING scroll of teleportation.
  1403 | D:3      | Mangled by a gnoll

Levels and vault maps discovered:
D:1:      lemuel_arrival_behind_the_door_small, layout_loops_corners,
          minivault_27, minmay_3d_cube
D:2:      layout_basic, hangedman_decor_diamond_cutter
D:3:      layout_rooms, hangedman_abyss_or_decor_lesser_grid,
          uniq_crazy_yiuf_cottage

Skill      XL: |  1  2  3 |
---------------+----------+-----
Ranged Weapons | 3 |  3.8
Fighting       | 2 |  2.0
Armour         | 1 |  1.0
Dodging        | |  1.5
Spellcasting   | |  1.0
Hexes          | |  2.6

Action                     |  1- 3 |  4- 6 || total
---------------------------+-------+-------++-------
   Fire: Sling             |   122 |    13 ||   135
    Use: Scroll            |     8 |     1 ||     9
 Armour: Robe              |     7 |       ||     7
         Ring mail         |     7 |    16 ||    23
  Dodge: Dodged            |    33 |    21 ||    54

Table legend:
 A = Non-vault XP
 B = Vault XP
 C = Vault XP percentage of total XP
 D = Non-vault monster count
 E = Vault monster count
 F = Vault count percentage of total count
                 A         B        C        D         E       F
            +---------+---------+-------+---------+---------+-------
      Total |      93 |       4 |   4.1 |      39 |       2 |   4.9
            +---------+---------+-------+---------+---------+-------
        D:1 |      39 |       4 |   9.3 |      22 |       2 |   8.3
        D:2 |      35 |       0 |   0.0 |      13 |       0 |   0.0
        D:3 |      19 |       0 |   0.0 |       4 |       0 |   0.0
            +---------+---------+-------+---------+---------+-------
